 Dungeon Crawl Stone Soup version 0.27.0-1-g7a089689b8 (webtiles) character file.

Game seed: 17298422253882233172

6484 shadowrider38 the Cleaver (level 11, -2/60 HPs)
             Began as a Gargoyle Berserker on Aug 2, 2021.
             Was an Elder of Trog.
             Slain by a centaur warrior (11 damage)
             ... on level 8 of the Dungeon on Aug 3, 2021.
             The game lasted 00:54:29 (12483 turns).

shadowrider38 the Cleaver (Gargoyle Berserker)     Turns: 12483, Time: 00:54:30

Health: -2/60      AC: 17    Str: 24    XL:     11   Next: 0%
Magic:  11/11      EV: 12    Int:  8    God:    Trog [****..]
Gold:   292        SH:  0    Dex: 15    Spells: 10/10 levels left

rFire    . . .     SeeInvis .   a - +5 battleaxe
rCold    . . .     Faith    +   (shield currently unavailable)
rNeg     + + .     Spirit   .   g - +0 steam dragon scales
rPois    ∞         Reflect  .   B - +0 helmet
rElec    +         Harm     .   (no cloak)
rCorr    .         Rampage  .   l - +0 pair of gloves
Will     ++...                  H - +1 pair of boots
Stlth    +.........             q - amulet of faith
HPRegen  1.20/turn              D - +6 ring of dexterity
MPRegen  0.12/turn              w - ring of positive energy

@: strong-willed, on berserk cooldown, regenerating, slowed, very slow
A: sickness immunity, AC +8, negative energy resistance 1, electricity
resistance, torment resistance 1, petrification resistance
a: Renounce Religion, Berserk, Trog's Hand, Brothers in Arms


You were on level 8 of the Dungeon.
You worshipped Trog.
Trog was greatly pleased with you.
You visited 1 branch of the dungeon, and saw 8 of its levels.

You collected 292 gold pieces.

Inventory:

Hand Weapons
 a - a +5 battleaxe (weapon)
 b - a +1 vorpal shortbow
 f - a +2 vampiric whip
 J - a +3 battleaxe of freezing
Missiles
 u - a throwing net (quivered)
 L - 82 arrows
Armour
 g - +0 steam dragon scales (worn)
 l - a +0 pair of gloves (worn)
 x - a +0 chain mail
 B - a +0 helmet (worn)
 H - a +1 pair of boots (worn)
 I - a +0 buckler
Jewellery
 q - an amulet of faith (around neck)
 w - a ring of positive energy (right hand)
 D - a +6 ring of dexterity (left hand)
 F - a +6 ring of intelligence
 G - an amulet of guardian spirit
Wands
 j - a wand of flame (17)
 z - a wand of mindburst (11)
Scrolls
 c - a scroll of vulnerability {unknown}
 d - a scroll of fog {unknown}
 h - 2 scrolls of enchant armour {unknown}
 i - 3 scrolls of immolation {unknown}
 k - 3 scrolls of torment {unknown}
 o - a scroll of silence
 p - 2 scrolls of blinking {unknown}
 r - 2 scrolls of enchant weapon {unknown}
 s - 2 scrolls of magic mapping {unknown}
 y - a scroll of fear {unknown}
 C - 2 scrolls of teleportation {unknown}
 E - 2 scrolls of amnesia {unknown}
Potions
 e - a potion of attraction {unknown}
 m - 3 potions of curing
 n - 4 potions of lignification
 v - a potion of degeneration
 A - a potion of brilliance
 K - a potion of flight {unknown}
Miscellaneous
 t - a phantom mirror (inert)


   Skills:
 - Level 3.6 Fighting
 + Level 14.1 Axes
 - Level 3.1 Slings
 - Level 0.1(1.8) Throwing
 - Level 2.4 Armour
 - Level 1.7 Dodging


You had 10 spell levels left.
You didn't know any spells.
Your spell library was empty.

Dungeon Overview and Level Annotations

Branches:
Dungeon (8/15)             Temple (0/1) D:7
   Lair: D:8-11

Altars:
Ashenzari
Dithmenos
Sif Muna
Vehumet
Wu Jian
Zin
The Shining One

Annotations:
D:3 1 runed translucent door, Crazy Yiuf
D:4 4 runed translucent doors
D:5 3 runed translucent doors, Corinon's ghost, weakling DjDe


Innate Abilities, Weirdness & Mutations

You are immune to sickness and miasma.
Your stone body is resilient. (AC +8)
You are immune to poison.
You resist negative energy. (rN+)
You are resistant to electric shocks. (rElec)
You are resistant to unholy torment.
You are immune to petrification.


Message History

Aim: a centaur warrior, wielding a +0 flail and quivering arrows (chance to affect: 48%)
The centaur warrior's mind is blasted!
The centaur warrior barely misses you.
The centaur warrior kicks you but does no damage.
The centaur warrior hits you with a +0 flail.
The centaur warrior kicks you but does no damage.
The centaur warrior barely misses you.
The centaur warrior kicks you but does no damage.
Cleave: a) +5 battleaxe
Press: ? - help, Dir - move target, f/p - centaur warrior
Aim: a centaur warrior, wielding a +0 flail and quivering arrows (lightly wounded, about 28% to evade your +5 battleaxe)
Okay, then.
Press: ? - help, v - describe, . - travel
Here: a centaur warrior, wielding a +0 flail and quivering arrows (lightly wounded)
The floor, spattered with blood.
You are already wielding that!
Okay, then.
You slice the centaur warrior!!
The centaur warrior is severely wounded.
The centaur warrior hits you but does no damage.
The centaur warrior kicks you but does no damage.
The centaur warrior hits you with a +0 flail!
The centaur warrior barely misses you.
Your skin crawls.
You feel strong-willed.
The centaur warrior hits you with a +0 flail!
* * * LOW HITPOINT WARNING * * *
The centaur warrior closely misses you.
The centaur warrior hits you but does no damage.
The centaur warrior kicks you but does no damage.
You slash the centaur warrior!
The centaur warrior is almost dead.
The centaur warrior hits you but does no damage.
The centaur warrior barely misses you.
The centaur warrior hits you with a +0 flail!
* * * LOW HITPOINT WARNING * * *
The centaur warrior kicks you but does no damage.
You barely miss the centaur warrior.
The centaur warrior is almost dead.
The centaur warrior hits you with a +0 flail!
You die...

##.#.##### .####.#
..#(#..#... #.#..##
#..#.##.##.###.#..#
....#..#..........#
...†.###.###'###..#
#.#### #P..).#..#
[##.# #.###.#..#
#...## #.#$#.#c.#
...#.##. #.#c#c#@.#
###....# #P...P#..#
...##.##.#######..#
.......[..........#
#.............###.#
..#......##.(.....#
#.........#.#.#####
............#<##
...............#


You could see a centaur warrior.

Vanquished Creatures
  A centaur warrior (D:8)
  An ugly thing (D:8)
  A manticore (D:8)
  A troll (D:8)
  A jumping spider (shapeshifter) (D:8)
  A slime creature (D:8)
  A vampire (D:6)
  A yak (D:4)
  2 steam dragons (D:8)
  2 water moccasins
  2 ice beasts
  A sky beast (D:5)
  A hornet zombie (D:4)
  A black bear (D:4)
  2 necrophages
  4 ogres
  An orc warrior (D:6)
  4 centaurs
  2 kobold brigands
  2 gnoll sergeants
  2 bullfrogs
  4 scorpions
  A wyvern zombie (D:8)
  4 killer bees
  6 wights (D:8)
  6 howler monkeys
  A bullfrog zombie (D:7)
  A centaur skeleton (D:4)
  2 orc priests
  A centaur zombie (D:8)
  A gnoll shaman (D:4)
  A hound (D:6)
  2 bullfrog skeletons (D:5)
  2 iguanas
  Natasha (D:2)
  4 orc wizards
  A hound skeleton (D:4)
  5 gnolls (D:6)
  A howler monkey skeleton (D:7)
  5 adders
  A shadow imp (D:6)
  A white imp (D:6)
  An ufetubus (D:4)
  A worm (D:4)
  2 dart slugs
  9 orcs
  3 ball pythons
  9 endoplasms
  7 giant cockroaches
  14 goblins
  11 hobgoblins
  10 jackals
  7 kobolds
  5 quokkas
  8 bats
  3 frilled lizards
  3 rats
178 creatures vanquished.

Vanquished Creatures (collateral kills)
  A hydra (D:8)
1 creature vanquished.

Vanquished Creatures (others)
  3 fungi (D:3)
  10 plants (D:8)
13 creatures vanquished.

Grand Total: 192 creatures vanquished

Notes
Turn   | Place    | Note
-------+----------+-------------------------------------------
     0 | D:1      | shadowrider38 the Gargoyle Berserker began the quest for
                  | the Orb.
     0 | D:1      | Reached XP level 1. HP: 14/14 MP: 1/1
   425 | D:1      | Reached XP level 2. HP: 16/19 MP: 2/2
   540 | D:1      | Reached skill level 3 in Axes
  1099 | D:1      | Reached XP level 3. HP: 23/24 MP: 3/3
  1438 | D:1      | Found a faded altar of an unknown god.
  1468 | D:1      | Reached ** piety under Trog
  2005 | D:2      | Noticed Natasha
  2045 | D:2      | Killed Natasha
  2046 | D:2      | Reached skill level 4 in Axes
  2046 | D:2      | Reached XP level 4. HP: 29/29 MP: 4/4
  2131 | D:2      | Found a broken altar of Ashenzari.
  2615 | D:3      | Found a glowing golden altar of the Shining One.
  3442 | D:3      | Reached XP level 5. HP: 33/33 MP: 5/5
  3497 | D:3      | Found a runed translucent door.
  3498 | D:3      | Noticed Crazy Yiuf
  3862 | D:4      | Reached skill level 5 in Axes
  4169 | D:4      | Noticed an ogre
  4188 | D:4      | Killed an ogre
  4189 | D:4      | Reached skill level 6 in Axes
  4189 | D:4      | Reached XP level 6. HP: 13/38 MP: 6/6
  4939 | D:4      | Found a large runed translucent door.
  4939 | D:4      | Found a large runed translucent door.
  4946 | D:4      | Noticed an orc warrior
  4988 | D:4      | Noticed a yak
  4996 | D:4      | Killed a yak
  4997 | D:4      | Reached XP level 7. HP: 42/42 MP: 7/7
  5138 | D:4      | Reached skill level 7 in Axes
  5284 | D:4      | Reached *** piety under Trog
  5434 | D:4      | Found a large runed translucent door.
  5511 | D:4      | Found a large runed translucent door.
  5652 | D:4      | Reached skill level 1 in Slings
  6068 | D:5      | Entered Level 5 of the Dungeon
  6229 | D:5      | Reached skill level 8 in Axes
  6229 | D:5      | Reached XP level 8. HP: 38/48 MP: 8/8
  6543 | D:5      | Found a runed translucent gate.
  6543 | D:5      | Found a runed translucent gate.
  6545 | D:5      | Found a runed translucent gate.
  6548 | D:5      | Noticed Corinon's ghost (weakling DjDe)
  7387 | D:5      | Found a radiant altar of Vehumet.
  7660 | D:5      | Reached skill level 9 in Axes
  8208 | D:6      | Reached XP level 9. HP: 52/52 MP: 9/9
  8370 | D:6      | Reached skill level 10 in Axes
  8830 | D:6      | Reached **** piety under Trog
  9239 | D:6      | Found a glowing silver altar of Zin.
  9391 | D:7      | Reached skill level 11 in Axes
  9597 | D:7      | Found an ornate altar of the Wu Jian Council.
  9728 | D:7      | Found a shadowy altar of Dithmenos.
  9763 | D:7      | Found a shimmering blue altar of Sif Muna.
 10235 | D:7      | Found a staircase to the Ecumenical Temple.
 10920 | D:8      | Reached skill level 12 in Axes
 10920 | D:8      | Reached XP level 10. HP: 36/56 MP: 5/10
 10921 | D:8      | Identified the +4 rapier of the Poles {vorpal, rC- Will-
                  | Dex+7 Stlth+}
 11097 | D:8      | Noticed an eight-headed hydra
 11113 | D:8      | Killed an eight-headed hydra
 11490 | D:8      | Noticed a manticore
 11494 | D:8      | Killed a manticore
 11495 | D:8      | Reached skill level 13 in Axes
 11666 | D:8      | Noticed a purple ugly thing
 11678 | D:8      | Killed a purple ugly thing
 12072 | D:8      | Noticed a centaur warrior
 12091 | D:8      | Killed a centaur warrior
 12459 | D:8      | Noticed a centaur warrior
 12469 | D:8      | Reached skill level 14 in Axes
 12469 | D:8      | Reached XP level 11. HP: 60/60 MP: 11/11
 12483 | D:8      | Slain by a centaur warrior

Illustrated notes

Levels and vault maps discovered:
D:1:      dpeg_arrival_solitude, layout_loops_ring,
          hellmonk_ecumenical_altar_inner_sanctum, eino_curves_01
D:2:      layout_basic, basic_altar, uniq_natasha
D:3:      layout_loops_ring, lemuel_round_altar, hex_tiny,
          uniq_crazy_yiuf_cottage
D:4:      layout_basic, minmay_hollow_rounded_squares
D:5:      layout_basic, lemuel_round_altar, ebering_ghost_rock_garden,
          minmay_bent
D:6:      layout_basic, zin_treasury, minmay_microvault
D:7:      layout_cave_pods, nzn_wu_jian_contemplation,
          mainiacjoe_overflow_catch_the_wave, minmay_temple_entry_from_below_a,
          kennysheep_cluttered_room
D:8:      layout_loops_ring, lair_entry_dummy, minmay_shattered_shrine

Skill      XL: |  1  2  3  4  5  6  7  8  9 10 |
---------------+-------------------------------+-----
Axes           | 3 4 6 8 9 12 14 | 14.1
Slings         | 1 3 |  3.1
Fighting       | |  3.6
Throwing       | |  0.1
Armour         | |  2.4
Dodging        | |  1.7

Action                   |  1- 3 |  4- 6 |  7- 9 | 10-12 || total
-------------------------+-------+-------+-------+-------++-------
Melee: Hand axe          |   120 |   150 |   231 |       ||   501
       Battleaxe         |       |       |   118 |    72 ||   190
 Fire: Hunting sling     |       |       |    34 |       ||    34
       Shortbow          |       |       |       |     2 ||     2
Throw: Stone             |       |       |     1 |       ||     1
       Throwing net      |       |       |       |     2 ||     2
Invok: Berserk           |     1 |     3 |    12 |     6 ||    22
       Trog's Hand       |       |     1 |       |     1 ||     2
       Brothers in Arms  |       |       |       |     2 ||     2
Evoke: Phantom mirror    |       |       |       |     1 ||     1
       Wand              |       |       |       |     1 ||     1
  Use: Scroll            |       |       |     5 |     1 ||     6
       Potion            |       |       |       |     3 ||     3
Armor: Ring mail         |    51 |    42 |       |       ||    93
       Animal skin       |     1 |       |       |       ||     1
       Scale mail        |       |    28 |    34 |       ||    62
       Chain mail        |       |       |   170 |    33 ||   203
       Steam dragon scal |       |       |       |    44 ||    44
Dodge: Dodged            |    83 |    88 |   133 |    59 ||   363
